[Event "ICCopen2017"]
[Site "Internet Chess Club"]
[Date "2017.03.25"]
[Round "8"]
[White "mkayem1"]
[Black "xionoula"]
[Result "1-0"]
[ICCResult "Black resigns"]
[WhiteElo "2046"]
[BlackElo "1808"]
[Opening "French: Winawer, advance variation"]
[ECO "C16"]
[NIC "FR.09"]
[Time "15:30:37"]
[TimeControl "180+0"]

1. e4 e6 2. d4 d5 3. Nc3 Bb4 4. e5 b6 5. a3 Bf8 6. Bd3 Ba6 7. Nf3 Bxd3 8.
Qxd3 c5 9. O-O Nc6 10. Rd1 Nge7 11. Bg5 cxd4 12. Nb5 f6 13. Nd6+ Kd7 14. Nf7
Qc7 15. Nxh8 fxg5 16. Nxg5 Nxe5 17. Qxh7 Nf5 18. Ng6 Bd6 19. Nxe5+ Bxe5 20.
Nf3 Bf6 21. g4 Nh6 22. g5 Qf4 23. gxf6 Qxf3 24. Qxg7+ Kd6 25. Qg3+
{Black resigns}
1-0

[Event "ICCopen2017"]
[Site "Internet Chess Club"]
[Date "2017.03.25"]
[Round "8"]
[White "Renos"]
[Black "alejandrorios"]
[Result "1-0"]
[ICCResult "Black resigns"]
[WhiteElo "1726"]
[BlackElo "1903"]
[Opening "QGD: exchange, positional line"]
[ECO "D35"]
[NIC "QO.16"]
[Time "15:30:37"]
[TimeControl "180+0"]

1. d4 Nf6 2. c4 e6 3. Nc3 d5 4. cxd5 exd5 5. Bg5 Be7 6. e3 O-O 7. Qc2 c6 8.
Bd3 Nbd7 9. Nf3 Re8 10. O-O Nf8 11. Bxf6 Bxf6 12. b4 a6 13. a4 b5 14. axb5
cxb5 15. Bxb5 Re7 16. Bd3 Bb7 17. Qb3 Rc7 18. Ra5 Rd7 19. Rfa1 Qb6 20. Na4
Qd6 21. Nc5 Re7 22. Bxa6 Bxa6 23. Rxa6 Rxa6 24. Rxa6 Qb8 25. b5 Ne6 26. b6
Re8 27. b7 Nc7 28. Rb6 Be7 29. Nd7 Qa7 30. b8=Q {Black resigns} 1-0

[Event "ICCopen2017"]
[Site "Internet Chess Club"]
[Date "2017.03.25"]
[Round "8"]
[White "Kusox"]
[Black "TerryR"]
[Result "0-1"]
[ICCResult "White resigns"]
[WhiteElo "2180"]
[BlackElo "2297"]
[Opening "Modern defense"]
[ECO "A40"]
[NIC "QO.17"]
[Time "15:29:59"]
[TimeControl "180+0"]

1. d4 g6 2. Nf3 Bg7 3. g3 d6 4. Bg2 Nd7 5. O-O e5 6. dxe5 dxe5 7. c4 Ne7 8.
Nc3 O-O 9. Qc2 h6 10. b3 f5 11. Ba3 Rf7 12. Rad1 e4 13. Nh4 Kh7 14. Nd5 Nxd5
15. Rxd5 c6 16. Rd6 Bf8 17. Rfd1 Bxd6 18. Rxd6 Rf6 19. Qd2 Rxd6 20. Qxd6 Qf6
21. Qc7 g5 22. Nxf5 Qxf5 23. Qd8 Qe5 24. Bb2 Qxb2 25. Bxe4+ Kg7 26. Qe7+ Kg8
27. Qe6+ Kf8 28. Qd6+ Kf7 29. Qg6+ Ke7 30. Qh7+ Kd8 31. Qh8+ Qxh8
{White resigns}
0-1

[Event "ICCopen2017"]
[Site "Internet Chess Club"]
[Date "2017.03.25"]
[Round "8"]
[White "arbuzio"]
[Black "beaupre"]
[Result "0-1"]
[ICCResult "White resigns"]
[WhiteElo "1594"]
[BlackElo "1765"]
[Opening "Sicilian: Smith-Morra gambit"]
[ECO "B21"]
[NIC "SI.48"]
[Time "15:31:18"]
[TimeControl "180+0"]

1. e4 c5 2. d4 cxd4 3. Qxd4 Nc6 4. Qd1 g6 5. f3 Bg7 6. Nc3 Nf6 7. Be3 d6 8.
Qd2 d5 9. Bh6 d4 10. Nce2 O-O 11. Bxg7 Kxg7 12. O-O-O e5 13. g4 Be6 14. h4
Na5 15. h5 Nc4 16. Qg5 Qb6 17. b3 h6 18. Qh4 g5 19. Qe1 Ne3 20. Rd2 Qa5 21.
Kb1 Rfc8 22. Qc1 Nxf1 23. Qxf1 Qxd2 {White resigns} 0-1

[Event "ICCopen2017"]
[Site "Internet Chess Club"]
[Date "2017.03.25"]
[Round "8"]
[White "crd"]
[Black "tdimarco"]
[Result "1-0"]
[ICCResult "Black resigns"]
[WhiteElo "1218"]
[BlackElo "1257"]
[Opening "Queen's pawn: Chigorin variation"]
[ECO "D00"]
[NIC "QP.08"]
[Time "15:30:52"]
[TimeControl "180+0"]

1. d4 d5 2. Nc3 e6 3. a3 Nf6 4. h3 Bd6 5. Nb5 Be7 6. Bf4 Bd6 7. Nxd6+ cxd6
8. e3 O-O 9. Nf3 Re8 10. Bd3 h6 11. O-O Nc6 12. Bb5 Bd7 13. Bxd6 a6 14. Bd3
Rc8 15. Bh2 Ne4 16. Ne5 Nxe5 17. Bxe5 f6 18. Bh2 Rf8 19. c3 f5 20. Be5 Ng5
21. Be2 Nf7 22. Bg3 Qe7 23. Qb3 Bc6 24. Rac1 Ng5 25. Bh4 Qf7 26. Qd1 Ne4 27.
Bh5 g6 28. Bf3 h5 29. Bxe4 fxe4 30. Bg3 Bb5 31. Re1 Kh7 32. b3 Bc6 33. c4
Qd7 34. c5 Bb5 35. b4 b6 36. cxb6 Rb8 37. Bxb8 Rxb8 38. Rc7 {Black resigns}
1-0

[Event "ICCopen2017"]
[Site "Internet Chess Club"]
[Date "2017.03.25"]
[Round "8"]
[White "ibarra"]
[Black "marianzaim"]
[Result "1-0"]
[ICCResult "Black checkmated"]
[WhiteElo "2728"]
[BlackElo "1970"]
[Opening "Sicilian: Kan, Maróczy bind (Réti variation)"]
[ECO "B41"]
[NIC "SI.41"]
[Time "15:30:15"]
[TimeControl "180+0"]

1. e4 c5 2. Nf3 e6 3. d4 cxd4 4. Nxd4 a6 5. c4 Nc6 6. Nc3 Qc7 7. a3 d6 8.
Be3 Nf6 9. Rc1 Be7 10. Be2 O-O 11. O-O Bd7 12. f3 Nxd4 13. Qxd4 Bc6 14. Nd5
Qd8 15. Nxe7+ Qxe7 16. Rfd1 Rfd8 17. Rd2 e5 18. Qc3 Ne8 19. Rcd1 Rac8 20.
Bb6 Rd7 21. Qa5 Nc7 22. b4 Ne6 23. b5 axb5 24. cxb5 Nf4 25. bxc6 bxc6 26.
Be3 Ne6 27. Bc4 Nf8 28. Qc3 d5 29. Bxd5 cxd5 30. Qxc8 d4 31. Bf2 Qxa3 32.
Rc2 Qa5 33. Rb2 Qa4 34. Rdb1 d3 35. Rb8 Qa3 36. Bc5 d2 37. Qxf8#
{Black checkmated}
1-0

[Event "ICCopen2017"]
[Site "Internet Chess Club"]
[Date "2017.03.25"]
[Round "8"]
[White "Dupinpon"]
[Black "schakeri"]
[Result "0-1"]
[ICCResult "White checkmated"]
[WhiteElo "1621"]
[BlackElo "1803"]
[Opening "French: advance, Nimzovich system"]
[ECO "C02"]
[NIC "FR.03"]
[Time "15:29:41"]
[TimeControl "180+0"]

1. e4 e6 2. d4 d5 3. e5 c5 4. Nf3 cxd4 5. Bd3 Nc6 6. O-O Qb6 7. Nbd2 Nge7 8.
Nb3 Ng6 9. Re1 Bb4 10. Re2 O-O 11. h4 a5 12. h5 Nge7 13. h6 g6 14. Bg5 a4
15. Nbxd4 Nxd4 16. Nxd4 Qxd4 17. c3 Qg4 18. Qd2 Bc5 19. Ree1 Nf5 20. Be3
Nxe3 21. fxe3 Qh4 22. b4 Bb6 23. Qf2 Qxh6 24. Qf3 Bd7 25. Kf2 Rac8 26. Rh1
Qg7 27. Rh3 Rxc3 28. Rah1 Rxd3 29. Rxh7 Qxh7 30. Rxh7 Kxh7 31. Kf1 Bb5 32.
Qf6 Rxe3+ 33. Kf2 Rxe5+ 34. Kg3 Rf5 35. Qh4+ Kg7 36. Qe7 Rh8 37. Kg4 Be2+
38. Kg3 Bf2# {White checkmated} 0-1

[Event "ICCopen2017"]
[Site "Internet Chess Club"]
[Date "2017.03.25"]
[Round "8"]
[White "checkum"]
[Black "PITCHUS"]
[Result "1/2-1/2"]
[ICCResult "Game drawn by repetition"]
[WhiteElo "1328"]
[BlackElo "1764"]
[Opening "Caro-Kann: exchange variation"]
[ECO "B13"]
[NIC "CK.02"]
[Time "15:31:08"]
[TimeControl "180+0"]

1. e4 c6 2. d4 d5 3. exd5 Qxd5 4. Nc3 Qa5 5. Bd2 Nf6 6. Nf3 Qb6 7. Qc1 Bg4
8. Be3 Nd5 9. Nxd5 cxd5 10. Ne5 Bf5 11. Bd3 Bxd3 12. Nxd3 Nc6 13. O-O e6 14.
c3 Rc8 15. Qd2 Bd6 16. Bf4 Na5 17. Bxd6 Qxd6 18. Ne5 Nc4 19. Qf4 Nxe5 20.
dxe5 Qc7 21. Rfd1 f5 22. Qg3 O-O 23. f4 Qb6+ 24. Qf2 Qxf2+ 25. Kxf2 Rc4 26.
g3 Rfc8 27. Ke3 b5 28. Rd4 b4 29. Rxc4 Rxc4 30. Rc1 a5 31. Kd3 bxc3 32. Rxc3
Ra4 33. a3 Re4 34. Rc6 Kf7 35. Ra6 a4 36. Ra7+ Kg6 37. Ra6 Kf7 38. Ra7+ Kg6
39. Ra6 Kf7 {Game drawn by repetition} 1/2-1/2

[Event "ICCopen2017"]
[Site "Internet Chess Club"]
[Date "2017.03.25"]
[Round "8"]
[White "Kjaan1974"]
[Black "icewoman"]
[Result "1-0"]
[ICCResult "Black checkmated"]
[WhiteElo "1403"]
[BlackElo "1072"]
[Opening "Pirc defense"]
[ECO "B07"]
[NIC "PU.08"]
[Time "15:30:13"]
[TimeControl "180+0"]

1. e4 d6 2. d4 Nf6 3. Bd3 Nbd7 4. h3 e5 5. d5 Be7 6. Be3 c6 7. dxc6 bxc6 8.
Nf3 Qc7 9. O-O Nf8 10. c4 h6 11. b4 g5 12. a4 Ng6 13. Nc3 Nf4 14. Bxf4 gxf4
15. b5 Rg8 16. Kh2 cxb5 17. Nxb5 Qb6 18. a5 Qd8 19. Qa4 Kf8 20. Rab1 Nh5 21.
Nc3 Bd7 22. Qd1 Qxa5 23. Nd5 Qd8 24. Nxe5 dxe5 25. Qxh5 Bf6 26. Qxh6+ Bg7
27. Qd6+ Ke8 28. Nc7+ Qxc7 29. Qxc7 Bxh3 30. gxh3 Bh6 31. Qc6+ Kf8 32. Qxa8+
Kg7 33. Qxa7 Kf6 34. Rb7 f3 35. Rxf7+ Ke6 36. Qd7# {Black checkmated} 1-0

[Event "ICCopen2017"]
[Site "Internet Chess Club"]
[Date "2017.03.25"]
[Round "8"]
[White "Tui"]
[Black "KoolMan"]
[Result "0-1"]
[ICCResult "White resigns"]
[WhiteElo "1824"]
[BlackElo "2035"]
[Opening "English opening"]
[ECO "E61"]
[NIC "EO.64"]
[Time "15:29:36"]
[TimeControl "180+0"]

1. c4 Nf6 2. Nc3 g6 3. Nf3 Bg7 4. d4 O-O 5. h3 d6 6. Bf4 c5 7. e3 Bf5 8. Bd3
Bxd3 9. Qxd3 Nc6 10. d5 Nb4 11. Qe2 e5 12. dxe6 fxe6 13. O-O e5 14. Bg5 h6
15. Bxf6 Qxf6 16. a3 Nc6 17. Rad1 Rad8 18. Ne4 Qf5 19. Nfd2 Ne7 20. Qg4 h5
21. Qxf5 gxf5 22. Ng3 h4 23. Nh5 Bh8 24. Nf3 d5 25. Ng5 dxc4 26. Ne6 Rxd1
27. Rxd1 Re8 28. Nxc5 b6 29. Na6 Kf7 30. g4 fxg4 31. hxg4 Rc8 32. Rc1 Ke6
33. Kg2 Nd5 34. Kf3 e4+ 35. Kxe4 Bxb2 36. Rd1 Nc3+ {White resigns} 0-1

[Event "ICCopen2017"]
[Site "Internet Chess Club"]
[Date "2017.03.25"]
[Round "8"]
[White "Otje"]
[Black "toll"]
[Result "0-1"]
[ICCResult "White checkmated"]
[WhiteElo "1332"]
[BlackElo "1669"]
[Opening "Philidor's defense"]
[ECO "C41"]
[NIC "KP.10"]
[Time "15:29:43"]
[TimeControl "180+0"]

1. e4 e5 2. Nf3 d6 3. Bc4 Be6 4. Bxe6 fxe6 5. c3 Nf6 6. d3 Nbd7 7. O-O Qe7
8. Bg5 O-O-O 9. d4 exd4 10. e5 dxe5 11. cxd4 e4 12. Ne5 Nxe5 13. Bxf6 gxf6
14. Qa4 Nc6 15. Nc3 Rxd4 16. Qb3 a6 17. Rad1 e5 18. Rxd4 exd4 19. Nd5 Qd6
20. Rc1 Bh6 21. Rd1 e3 22. fxe3 Bxe3+ 23. Nxe3 Qc5 24. Qe6+ Kb8 25. Qd5 Qb6
26. Nf5 Rd8 27. Qf7 Qxb2 28. Qxf6 Qc2 29. Rf1 d3 30. Ne3 Qxa2 31. Nf5 d2 32.
Ne3 Qa5 33. Nd1 Qb6+ 34. Kh1 a5 35. Qc3 a4 36. Rf3 Qb3 37. h3 Qxc3 38. Rxc3
Nb4 39. Ra3 b5 40. Rf3 Re8 41. Nc3 Re1+ 42. Kh2 d1=Q 43. Nxd1 Rxd1 44. Rf4
c5 45. Rf7 a3 46. Rxh7 a2 47. Rh8+ Kc7 48. Rh7+ Kb6 49. Rh6+ Ka5 50. Rh8
a1=Q 51. Ra8+ Na6 52. h4 Qe5+ 53. g3 Rd2+ 54. Kh3 Qf5+ 55. g4 Qf3#
{White checkmated}
0-1

[Event "ICCopen2017"]
[Site "Internet Chess Club"]
[Date "2017.03.25"]
[Round "8"]
[White "mrneale"]
[Black "rugsy"]
[Result "0-1"]
[ICCResult "White forfeits on time"]
[WhiteElo "1073"]
[BlackElo "1372"]
[Opening "Old Benoni defense"]
[ECO "A43"]
[NIC "OI.09"]
[Time "15:29:31"]
[TimeControl "180+0"]

1. d4 c5 2. Nf3 cxd4 3. Nxd4 Nf6 4. Nc3 e6 5. Bg5 a6 6. e3 Bb4 7. Bd3 Bxc3+
8. bxc3 Qc7 9. Bxf6 Qxc3+ 10. Ke2 gxf6 11. Qd2 Qxd2+ 12. Kxd2 b5 13. c4 bxc4
14. Bxc4 d5 15. Bb3 Bb7 16. Rhc1 Kd7 17. Ba4+ Kd6 18. Rab1 Ra7 19. Rb6+ Ke5
20. Nc6+ Bxc6 21. Bxc6 Nxc6 22. Rbxc6 Rg8 23. g3 f5 24. Rc7 Rxc7 25. Rxc7
Rb8 26. Rxf7 Rb2+ 27. Ke1 Rxa2 28. Rxh7 a5 29. Ra7 a4 30. Kf1 a3 31. Kg2 d4
32. Ra4 Rd2 33. Rxa3 dxe3 34. Rxe3+ Kf6 35. Kf1 e5 36. Re1 Rd5 37. Re2 e4
38. Re1 Rd4 39. Re2 Rd1+ 40. Re1 Rd8 41. Re2 Rh8 42. Kg2 Rd8 43. h4 Kg6 44.
f3 exf3+ {White forfeits on time} 0-1

[Event "ICCopen2017"]
[Site "Internet Chess Club"]
[Date "2017.03.25"]
[Round "8"]
[White "GreyWarden"]
[Black "ajam"]
[Result "0-1"]
[ICCResult "White resigns"]
[WhiteElo "1970"]
[BlackElo "1913"]
[Opening "Pirc defense"]
[ECO "B07"]
[NIC "PU.08"]
[Time "15:30:15"]
[TimeControl "180+0"]

1. e4 d6 2. d4 Nf6 3. Nc3 Nbd7 4. Be3 e5 5. Nf3 c6 6. a4 Qc7 7. Bc4 Be7 8.
h3 Kf8 9. O-O h6 10. Qe2 g6 11. Rad1 Kg7 12. d5 a6 13. dxc6 bxc6 14. Bb3 Rb8
15. Nd2 Nf8 16. f4 Be6 17. f5 Bxb3 18. Nxb3 g5 19. Qf2 Rb4 20. Qf3 N8d7 21.
a5 Rg8 22. Kh1 Kf8 23. Rfe1 h5 24. Bf2 g4 25. Qd3 Qb7 26. Ne2 Rxe4 27. Ng3
Rxe1+ 28. Rxe1 d5 29. Qd2 Ke8 30. Qh6 Bf8 31. Qd2 Bb4 32. c3 Bd6 33. Qh6
Qxb3 34. Nxh5 Nxh5 35. Qxh5 gxh3 36. gxh3 Qxb2 37. Rf1 Nf6 38. Qh4 Ne4 39.
c4 Qe2 40. Rb1 Qf3+ {White resigns} 0-1

[Event "ICCopen2017"]
[Site "Internet Chess Club"]
[Date "2017.03.25"]
[Round "8"]
[White "GrandPatzer5"]
[Black "jps7"]
[Result "0-1"]
[ICCResult "White checkmated"]
[WhiteElo "1900"]
[BlackElo "1566"]
[Opening "Dunst (Sleipner, Heinrichsen) opening"]
[ECO "A00"]
[NIC "VO.15"]
[Time "15:29:39"]
[TimeControl "180+0"]

1. Nc3 d5 2. e4 d4 3. Nce2 c5 4. Ng3 e5 5. Bc4 Nf6 6. Nf3 Be7 7. d3 Nc6 8.
a4 O-O 9. O-O Be6 10. h3 Bxc4 11. dxc4 Bd6 12. Nf5 g6 13. Nh6+ Kg7 14. Nh2
Nxe4 15. Re1 Ng5 16. h4 Ne6 17. Ra3 Nf4 18. Bxf4 exf4 19. N6g4 Qxh4 20. Rh3
Qg5 21. Qf3 Rae8 22. Rxe8 Rxe8 23. Nf1 h5 24. Ngh2 Ne5 25. Qd5 Re6 26. Nf3
Nxf3+ 27. Rxf3 Qxd5 28. cxd5 Re5 29. Rb3 b6 30. a5 Bc7 31. axb6 Bxb6 32. d6
Rd5 33. Nd2 Rxd6 34. Nc4 Rc6 35. f3 f5 36. Kf2 Kf6 37. Ra3 Re6 38. Ra6 g5
39. b3 g4 40. fxg4 fxg4 41. Kf1 Kf5 42. Kf2 h4 43. Ra1 g3+ 44. Kf1 Kg4 45.
Rd1 h3 46. gxh3+ Kxh3 47. Rd2 f3 48. Kg1 Re1# {White checkmated} 0-1

[Event "ICCopen2017"]
[Site "Internet Chess Club"]
[Date "2017.03.25"]
[Round "8"]
[White "kamalchandran"]
[Black "waynerooney"]
[Result "0-1"]
[ICCResult "White resigns"]
[WhiteElo "1797"]
[BlackElo "1983"]
[Opening "Giuoco Pianissimo"]
[ECO "C50"]
[NIC "IG.02"]
[Time "15:30:03"]
[TimeControl "180+0"]

1. e4 e5 2. Nf3 Nc6 3. Bc4 Bc5 4. d3 Nf6 5. O-O d6 6. Nc3 Bg4 7. h3 Bh5 8.
g4 Bg6 9. Bg5 O-O 10. Nd5 Na5 11. Bb3 Nxb3 12. axb3 c6 13. Nxf6+ gxf6 14.
Bh6 Re8 15. Nh4 d5 16. Nf5 Bxf5 17. gxf5 Kh8 18. Kh1 Rg8 19. Rg1 Bxf2 20.
Rxg8+ Qxg8 21. Qf3 Bb6 22. exd5 cxd5 23. Qxd5 Qg3 24. Qg2 Rg8 25. Qxg3 Rxg3
26. Kh2 Rf3 27. Rc1 Rxf5 28. Kg3 Rh5 29. Bd2 f5 30. Rf1 Kg7 31. h4 f4+ 32.
Kg4 Kg6 33. d4 f5+ 34. Kf3 Bxd4 35. c3 Bb6 36. Re1 Kf6 37. Rh1 Bc7 38. Be1
e4+ 39. Ke2 Ke5 40. Bf2 f3+ 41. Ke1 f4 42. Bxa7 e3 43. Rh3 Ke4 44. b4 Rh6
45. h5 Ra6 {White resigns} 0-1

[Event "ICCopen2017"]
[Site "Internet Chess Club"]
[Date "2017.03.25"]
[Round "8"]
[White "Veldigo"]
[Black "Knight-Rookie"]
[Result "1-0"]
[ICCResult "Black checkmated"]
[WhiteElo "1646"]
[BlackElo "1271"]
[Opening "Bird's opening"]
[ECO "A02"]
[NIC "VO.07"]
[Time "15:30:57"]
[TimeControl "180+0"]

1. f4 e6 2. Nf3 d6 3. e3 Ne7 4. d4 Nd7 5. c3 g6 6. Bd3 Bg7 7. Qe2 O-O 8.
Nbd2 b6 9. O-O Bb7 10. e4 a6 11. e5 dxe5 12. Nxe5 Nd5 13. Ndf3 f6 14. Nxd7
Qxd7 15. Bd2 Rfe8 16. Rae1 e5 17. fxe5 fxe5 18. dxe5 Ne7 19. Bc1 Bxf3 20.
Qxf3 Rf8 21. Qe4 Rxf1+ 22. Rxf1 Rf8 23. Rxf8+ Kxf8 24. Bc4 Qf5 25. Qa8+ Qc8
26. Qe4 Qf5 27. Qxf5+ Nxf5 28. Bf4 Ke7 29. g4 Nh6 30. h3 Nf7 31. Bxf7 Kxf7
32. Kf2 Ke6 33. Ke3 Bxe5 34. Bh6 c5 35. Kd3 b5 36. b3 Kd5 37. c4+ bxc4+ 38.
bxc4+ Kc6 39. Bf8 Bd6 40. Bg7 a5 41. Ke4 a4 42. h4 Bg3 43. h5 gxh5 44. gxh5
Be1 45. Bf8 Bb4 46. Ke5 a3 47. Ke6 Kc7 48. Kd5 Kb6 49. Bd6 Ka5 50. Bxc5 Bxc5
51. Kxc5 Ka6 52. Kb4 Kb6 53. Kxa3 Kc5 54. Kb3 Kc6 55. Kb4 Kd6 56. c5+ Kc7
57. Kc4 Kc6 58. a4 Kc7 59. Kb5 Kb7 60. a5 Ka7 61. a6 h6 62. c6 Kb8 63. Kb6
Kc8 64. a7 Kd8 65. a8=Q+ Ke7 66. Qa5 Kf6 67. Qd5 Ke7 68. c7 Kf8 69. Qd7 Kg8
70. c8=R# {Black checkmated} 1-0

[Event "ICCopen2017"]
[Site "Internet Chess Club"]
[Date "2017.03.25"]
[Round "8"]
[White "BillietheKid"]
[Black "Simba"]
[Result "1-0"]
[ICCResult "Black checkmated"]
[WhiteElo "1341"]
[BlackElo "1027"]
[Opening "Lengfellner system"]
[ECO "B07"]
[NIC "VO.17"]
[Time "15:30:47"]
[TimeControl "180+0"]

1. e4 d6 2. d4 e6 3. c4 Be7 4. Nc3 a6 5. Be3 c6 6. Be2 Nd7 7. f4 Ngf6 8. Nf3
O-O 9. O-O Ne8 10. f5 exf5 11. exf5 Bf6 12. Bd3 c5 13. Ne4 Bxd4 14. Nxd4
cxd4 15. Bxd4 Ne5 16. f6 Nxd3 17. Qxd3 g6 18. Qe3 Bf5 19. Qh6 Bxe4 20. Rf4
Bf5 21. Rh4 Nxf6 22. Bxf6 Qxf6 23. Qxh7# {Black checkmated} 1-0

[Event "ICCopen2017"]
[Site "Internet Chess Club"]
[Date "2017.03.25"]
[Round "8"]
[White "Mandragora"]
[Black "thxgg"]
[Result "0-1"]
[ICCResult "White forfeits on time"]
[WhiteElo "1593"]
[BlackElo "1823"]
[Opening "French defense"]
[ECO "C00"]
[NIC "FR.01"]
[Time "15:29:31"]
[TimeControl "180+0"]

1. e4 e6 2. Nf3 d5 3. exd5 exd5 4. d4 Nf6 5. h3 Bd6 6. Bd3 O-O 7. O-O h6 8.
c3 c5 9. Na3 c4 10. Bb1 Bxa3 11. bxa3 Re8 12. Ne5 Nbd7 13. f4 Ne4 14. Bxe4
dxe4 15. Nxc4 Nf6 16. Ne3 Nd5 17. Qb3 Be6 18. Nxd5 Qxd5 19. Qc2 Rac8 20. Be3
f5 21. Rfb1 b5 22. Rb4 a5 23. Rb2 Qc6 24. Rc1 Bc4 25. a4 bxa4 26. Qf2 Bd3
27. g4 fxg4 28. hxg4 Rb8 29. Rxb8 Rxb8 30. f5 a3 31. g5 Rb2 32. Qh4 hxg5 33.
Qxg5 Qf6 34. Qg4 Re2 35. Qf4 g5 36. fxg6 Qxg6+ 37. Qg5 Qxg5+ 38. Bxg5 Rxa2
39. d5 Rb2 40. d6 a2 41. d7 Rb8 42. d8=Q+ Rxd8 43. Bxd8 Bb1 44. c4 a1=Q 45.
c5 Qd4+ 46. Kg2 Bd3 47. c6 e3 48. c7 Be4+ 49. Kh3 Bf5+ 50. Kh2 Qd2+ 51. Kg3
Qxc1 52. Bf6 Bc8 53. Bc3 Qc2 {White forfeits on time} 0-1

[Event "ICCopen2017"]
[Site "Internet Chess Club"]
[Date "2017.03.25"]
[Round "8"]
[White "veteranrus"]
[Black "kutittaja"]
[Result "1-0"]
[ICCResult "Black checkmated"]
[WhiteElo "1833"]
[BlackElo "1686"]
[Opening "Alekhine's defense"]
[ECO "B03"]
[NIC "AL.09"]
[Time "15:29:29"]
[TimeControl "180+0"]

1. e4 Nf6 2. e5 Nd5 3. d4 d6 4. c4 Nb6 5. Nf3 Bg4 6. Be2 Nc6 7. exd6 cxd6 8.
Nbd2 g6 9. d5 Nb8 10. Nd4 Bxe2 11. Qxe2 Bg7 12. N2f3 N8d7 13. b3 O-O 14. Bg5
Nf6 15. O-O h6 16. Bh4 Nbd7 17. Rfe1 Re8 18. Rad1 Nc5 19. b4 Nce4 20. Qd3
Qb6 21. a3 Rac8 22. Nb3 g5 23. Bg3 Nxg3 24. hxg3 Qc7 25. Rc1 b6 26. Nbd4 a5
27. Nf5 Bf8 28. N3d4 e5 29. dxe6 fxe6 30. Nxe6 Qd7 31. Nxf8 Rxe1+ 32. Rxe1
Rxf8 33. Re7 Qc6 34. Nxh6+ Kh8 35. Qg6 Qe4 36. Qg7# {Black checkmated} 1-0

[Event "ICCopen2017"]
[Site "Internet Chess Club"]
[Date "2017.03.25"]
[Round "8"]
[White "octavia"]
[Black "topotun"]
[Result "0-1"]
[ICCResult "White resigns"]
[WhiteElo "2251"]
[BlackElo "2875"]
[Opening "English: symmetrical variation"]
[ECO "A33"]
[NIC "EO.64"]
[Time "15:29:58"]
[TimeControl "180+0"]

1. c4 Nf6 2. Nc3 c5 3. Nf3 Nc6 4. d4 cxd4 5. Nxd4 e6 6. a3 Bc5 7. Nb3 Be7 8.
e4 O-O 9. Be2 b6 10. O-O Ba6 11. Bf4 d6 12. Rc1 Rc8 13. Re1 Ne5 14. Bxe5
dxe5 15. Nb5 Bxb5 16. cxb5 Nxe4 17. Bf3 Rxc1 18. Qxc1 Nc5 19. Nxc5 Bxc5 20.
Rxe5 Qf6 21. Re2 Rd8 22. Rd2 Rxd2 23. Qxd2 Bd4 24. b3 g6 25. a4 Qe5 26. g3
h5 27. h4 Qxg3+ 28. Bg2 Qxh4 29. Kf1 Kg7 30. Ke1 g5 31. Bc6 Bc5 32. Qc3+ Qd4
33. Qf3 g4 34. Qg3 Qa1+ 35. Ke2 Qb2+ 36. Kf1 Qf6 37. Kg2 Qf5 38. Qh4 Kg6 39.
Be8 Qf3+ 40. Kg1 g3 {White resigns} 0-1

[Event "ICCopen2017"]
[Site "Internet Chess Club"]
[Date "2017.03.25"]
[Round "8"]
[White "stin"]
[Black "Cool-Defender"]
[Result "1-0"]
[ICCResult "Black forfeits on time"]
[WhiteElo "1906"]
[BlackElo "1568"]
[Opening "Pirc: Ufimtsev-Pytel variation"]
[ECO "B07"]
[NIC "PU.08"]
[Time "15:29:33"]
[TimeControl "180+0"]

1. e4 d6 2. d4 Nf6 3. Nc3 c6 4. Nf3 Bg4 5. Be3 Nbd7 6. h3 Bh5 7. Bd3 e5 8.
g4 Bg6 9. dxe5 dxe5 10. Qd2 Be7 11. O-O-O Qc7 12. g5 Nh5 13. h4 O-O 14. Qe2
Rfd8 15. Bc4 b5 16. Bb3 b4 17. Na4 Bxe4 18. Rhg1 Bg6 19. Nd2 Nb6 20. Nc4 Nd5
21. Bc5 Ndf4 22. Qe3 Nd5 23. Qf3 e4 24. Qg4 Qc8 25. Qxc8 Rdxc8 26. Bxe7 Nxe7
27. Ne5 Nd5 28. Nxg6 hxg6 29. Nc5 Re8 30. Rge1 e3 31. fxe3 Nxe3 32. Rd2 Nd5
33. Rde2 Rxe2 34. Rxe2 Rd8 35. Nd3 Nhf4 36. Nxf4 Nxf4 37. Rf2 Nd5 38. Kd2
Re8 39. Kd3 Re3+ 40. Kc4 Rh3 41. Kc5 Rxh4 42. Kxc6 Nf4 43. Kb7 a5 44. Kb6
{Black forfeits on time}
1-0

[Event "ICCopen2017"]
[Site "Internet Chess Club"]
[Date "2017.03.25"]
[Round "8"]
[White "centralsquare"]
[Black "DarthVadar"]
[Result "0-1"]
[ICCResult "White checkmated"]
[WhiteElo "1467"]
[BlackElo "1812"]
[Opening "Old Indian: main line"]
[ECO "A55"]
[NIC "OI.01"]
[Time "15:29:35"]
[TimeControl "180+0"]

1. d4 d6 2. c4 Nf6 3. Nc3 Nbd7 4. e4 e5 5. Nf3 Be7 6. Be2 O-O 7. O-O c6 8.
Kh1 a6 9. h3 b5 10. Nh2 b4 11. Nb1 Nxe4 12. Bd3 d5 13. c5 exd4 14. Bxe4 dxe4
15. Qxd4 Nxc5 16. Qxd8 Rxd8 17. Be3 Ne6 18. Nd2 f5 19. f4 Bc5 20. Nc4 Bxe3
21. Nxe3 g6 22. Rfd1 Bb7 23. g3 Rxd1+ 24. Rxd1 Rd8 25. Rxd8+ Nxd8 26. Nhf1
Ne6 27. Kg1 c5 28. Nc4 Bd5 29. b3 Bxc4 30. bxc4 Nd4 31. Ne3 a5 32. Nd5 a4
33. Kf2 b3 34. axb3 axb3 35. Ke3 b2 36. Nc3 Nc2+ 37. Kd2 Na3 38. Nb1 Nxb1+
39. Kc2 Na3+ 40. Kxb2 Nxc4+ 41. Kc3 e3 42. Kxc4 e2 43. Kxc5 e1=Q 44. Kd5
Qe4+ 45. Kc5 Kf7 46. Kb5 Qc2 47. Kb6 Qc4 48. Kb7 Qc5 49. Ka8 Qb5 50. Ka7 Ke7
51. Ka8 Kd7 52. Ka7 Kc7 53. Ka8 Qb8# {White checkmated} 0-1

[Event "ICCopen2017"]
[Site "Internet Chess Club"]
[Date "2017.03.25"]
[Round "8"]
[White "TrendFriend"]
[Black "searchforbobby1"]
[Result "1/2-1/2"]
[ICCResult "Game drawn by repetition"]
[WhiteElo "2342"]
[BlackElo "1937"]
[Opening "Sicilian defense"]
[ECO "B30"]
[NIC "SI.31"]
[Time "15:30:42"]
[TimeControl "180+0"]

1. e4 c5 2. Nf3 Nc6 3. Nc3 e5 4. Bc4 Be7 5. d3 Nf6 6. Ng5 O-O 7. f4 exf4 8.
Bxf4 d6 9. O-O Ne5 10. Bxe5 dxe5 11. Kh1 h6 12. Nf3 Bd6 13. Nd5 Nxd5 14.
Bxd5 Rb8 15. Qe1 Qe7 16. Qg3 Be6 17. c4 Bxd5 18. cxd5 b5 19. Nh4 Qg5 20.
Qxg5 hxg5 21. Nf5 Rfd8 22. Rac1 Bf8 23. Ne3 g6 24. Ng4 Bd6 25. h3 Kg7 26. b3
a5 27. Rf2 Rd7 28. Nf6 Rc7 29. Ng4 Ra8 30. Rf6 Rd7 31. Rf2 a4 32. Rb2 axb3
33. Rxb3 b4 34. Rc2 Rda7 35. Rbb2 f5 36. Ne3 Kf6 37. Nc4 Ke7 38. Rf2 Rf8 39.
Kg1 Ra6 40. Rfc2 Kd7 41. Rb3 Rfa8 42. Rbb2 Rf8 43. g3 Rfa8 44. Kg2 Rf8 45.
Rf2 Ke7 46. g4 f4 47. Rfc2 Rfa8 48. Kf3 Kd7 49. Rh2 Rh8 50. Kg2 Ke7 51. Rh1
Kd7 52. Kf3 Ke7 53. Kg2 Kd7 54. Kf3 Ke7 55. Kg2 Kd7 56. Kf3 Ke7
{Game drawn by repetition}
1/2-1/2

[Event "ICCopen2017"]
[Site "Internet Chess Club"]
[Date "2017.03.25"]
[Round "8"]
[White "MrsPiggy"]
[Black "Cantalarrana"]
[Result "0-1"]
[ICCResult "White resigns"]
[WhiteElo "1326"]
[BlackElo "1486"]
[Opening "Queen's pawn game"]
[ECO "D00"]
[NIC "QP.08"]
[Time "15:30:19"]
[TimeControl "180+0"]

1. d4 d5 2. e3 Nf6 3. c4 c5 4. Nf3 Bg4 5. Be2 e6 6. O-O dxc4 7. Bxc4 Nc6 8.
Be2 Be7 9. b3 cxd4 10. exd4 O-O 11. Bb2 Nd5 12. h3 Bh5 13. Nbd2 Bf6 14. Nc4
Nf4 15. Re1 Nxe2+ 16. Qxe2 Bxd4 17. Rad1 Bxf3 18. gxf3 Qf6 19. Ba3 Rfd8 20.
Qe4 Bb6 21. Nxb6 axb6 22. Rb1 Rxa3 {White resigns} 0-1